 Dungeon Crawl Stone Soup version 0.28.0-45-g0d030f2227 (webtiles) character file.

Game seed: 17565414735501786695

5860 MisterFreud the Transmogrifier (level 10, -11/99 HPs)
             Began as a Grey Draconian Transmuter on May 3, 2022.
             Was a Follower of Ru.
             Mangled by a death yak (26 damage)
             ... on level 9 of the Dungeon.
             The game lasted 00:10:44 (7415 turns).

MisterFreud the Transmogrifier (DrTm)               Turns: 7415, Time: 00:10:44

Health: -11/99     AC:  7    Str: 12    XL:     10   Next: 52%
Magic:  11/13      EV: 16    Int: 17    God:    Ru [*.....]
Gold:   430        SH:  0    Dex: 13    Spells: 4/13 levels left

rFire   x . .      SeeInvis .     - Unarmed
rCold   + + +      Faith    .   (shield currently unavailable)
rNeg    . . .      Spirit   .   (armour unavailable)
rPois   +          Reflect  .   (helmet currently unavailable)
rElec   .          Harm     .   (cloak currently unavailable)
rCorr   .          Rampage  .   (gloves currently unavailable)
Will    .....                   (boots currently unavailable)
Stlth   +.........              d - amulet of regeneration
HPRegen 1.06/turn               l - +4 ring of evasion
MPRegen 0.13/turn               b - ring of poison resistance

@: ice-form
A: freezing attack, boosted hp, AC +12, amphibious, large, unfitting armour,
(cold-blooded), unskilled 1
a: End Transformation, Renounce Religion


You were on level 9 of the Dungeon.
You worshipped Ru.
Ru was aware of your devotion.
You were a creature of crystalline ice.
You visited 2 branches of the dungeon, and saw 10 of its levels.

You collected 430 gold pieces.

Inventory:

Missiles
 e - 4 boomerangs (quivered)
 n - a curare-tipped dart
 q - 2 throwing nets
Armour
 k - a +1 cloak (melded)
Jewellery
 b - a ring of poison resistance (right front paw)
 d - an amulet of regeneration (around neck)
 g - a ring of willpower
 l - a +4 ring of evasion (left front paw)
 t - the ring "Retsaox" {Fire rPois rN+++ MP+9 Str-5}
   (You took it off a centaur on level 8 of the Dungeon)

   [ring of fire]

   It enhances your fire magic.
   Str:       It affects your strength (-5).
   rF:        It protects you from fire.
   rC:        It makes you vulnerable to cold.
   rPois:     It protects you from poison.
   rN:        It renders you almost immune to negative energy.
   MP:        It affects your magic capacity (+9).
Wands
 h - a wand of iceblast (13)
 j - a wand of paralysis (20)
Potions
 a - 3 potions of attraction
 c - a potion of haste
 f - a potion of invisibility
 i - a potion of might
 m - 3 potions of curing
 o - a potion of brilliance {unknown}
 p - 2 potions of berserk rage {unknown}
 r - a potion of resistance {unknown}
 s - a potion of magic {unknown}


   Skills:
 + Level 6.3 Fighting
 + Level 7.0 Dodging
 + Level 7.2 Unarmed Combat
 - Level 2.0 Spellcasting
 - Level 8.0 Transmutations
 - Level 4.0 Ice Magic


You had 4 spell levels left.
You knew the following spells:

 Your Spells              Type           Power      Damage    Failure   Level
b - Wereblood             Tmut           28%        N/A       1%          2
c - Spider Form           Tmut/Pois      15%        N/A       11%         3
d - Ice Form              Ice/Tmut       22%        N/A       16%         4

Your spell library contained the following spells:

 Spells                   Type           Power      Damage    Failure   Level
 Beastly Appendage        Tmut           56%        N/A       1%          1
 Sublimation of Blood     Necr           1%         N/A       28%         2
 Confusing Touch          Hex            1%         N/A       50%         3
 Portal Projectile        Hex/Tloc       2%         N/A       50%         3
 Anguish                  Hex/Necr       0%         N/A       88%         4
 Summon Hydra             Summ           0%         N/A       100%        7


Dungeon Overview and Level Annotations

Branches:
Dungeon (9/15)             Temple (1/1) D:6
   Lair: D:8-11         Orc: D:9-12

Altars:
Ashenzari
Dithmenos
Fedhas
Hepliaklqana
Kikubaaqudgha
Ru
Trog
Vehumet
Yredelemnul
The Shining One

Annotations:
D:4 exclusion: statue
D:6 2 transporters


Innate Abilities, Weirdness & Mutations

You are a creature of crystalline ice.
You have a powerful freezing melee attack.
Your maximum health is increased.
Your armour is entirely melded.
You are incapable of wielding weapons or throwing items.
((Your dull iron-grey scales are very hard. (AC +12)))
You are amphibious.
You cannot fit into any form of body armour.
((You are cold-blooded and may be slowed by cold attacks.))
You are somewhat unskilled. (-1 Apt)


Message History

You hit the death yak but do no damage.
The death yak is lightly wounded.
The death yak barely misses you.
You hit the death yak but do no damage.
The death yak is lightly wounded.
The death yak gores you but does no damage.
You punch the death yak! You freeze the death yak.
The death yak is moderately wounded.
The death yak gores you but does no damage.
You completely miss the death yak.
The death yak is moderately wounded.
The death yak gores you!!
You hit the death yak but do no damage.
The death yak is moderately wounded.
The death yak barely misses you.
You punch the death yak! You freeze the death yak.
The death yak is heavily wounded.
The death yak completely misses you.
You hit the death yak. You freeze the death yak.
The death yak is heavily wounded.
You hit the death yak. You freeze the death yak.
The death yak is severely wounded.
The death yak gores you!
You punch the death yak! You freeze the death yak.
The death yak is severely wounded.
The death yak misses you.
You hit the death yak but do no damage.
The death yak is severely wounded.
The death yak gores you but does no damage.
You hit the death yak. You freeze the death yak.
The death yak is almost dead.
The death yak completely misses you.
You hit the death yak but do no damage.
The death yak is almost dead.
The death yak gores you!!
* * * LOW HITPOINT WARNING * * *
You completely miss the death yak.
The death yak is almost dead.
The death yak gores you!!
You die...

.........#...##.....#
##.....##.
.........#....##.....
......###.
#...##..####### #...
....##.## #+#######
..###.## #.... ####
#.... ######..# ##.##
#...##..########.##
#.YY....#.........#
#.......#...)))...#
#......>+......)..#
#.......##>.#######
#...##..##..##
##+###..##...#
+.......+ #.......#
##.##..##


You could see a death yak.

Vanquished Creatures
  Harold (D:7)
  A death yak (D:7)
  2 centaur zombies
  Maggie (D:6)
  Prince Ribbit (D:5)
  Grinder (D:5)
  2 steam dragons
  2 water moccasins
  3 black bears
  3 orc warriors
  2 ice beasts
  2 sky beasts
  A necrophage (D:4)
  2 ogres (D:4)
  2 centaurs
  A kobold brigand (D:8)
  3 bullfrogs (D:6)
  2 gnoll sergeants (D:9)
  3 scorpions
  5 water moccasin skeletons
  5 killer bees (D:8)
  A howler monkey (D:7)
  A bullfrog zombie (D:5)
  7 hounds
  2 orc priests
  Crazy Yiuf (D:3)
  A bullfrog skeleton (D:3)
  2 iguanas (D:5)
  5 orc wizards
  Ijyb (D:5)
  A killer bee zombie (D:5)
  A hound skeleton (D:4)
  Robin (D:2)
  14 gnolls
  3 adders
  A howler monkey skeleton (D:7)
  A white imp (D:5)
  An ufetubus (D:6)
  3 worms
  22 orcs
  4 ball pythons
  4 endoplasms
  4 giant cockroaches
  16 goblins
  6 hobgoblins
  4 jackals (D:2)
  8 kobolds
  5 quokkas
  7 bats
  4 frilled lizards
  A quokka skeleton (D:4)
  7 rats
184 creatures vanquished.

Vanquished Creatures (collateral kills)
  A gnoll (D:7)
1 creature vanquished.

Vanquished Creatures (others)
  2 fungi (D:3)
2 creatures vanquished.

Grand Total: 187 creatures vanquished

Notes
Turn   | Place    | Note
-------+----------+-------------------------------------------
     0 | D:1      | MisterFreud the Draconian Transmuter began the quest for
                  | the Orb.
     0 | D:1      | Reached XP level 1. HP: 16/16 MP: 3/3
   264 | D:1      | Reached XP level 2. HP: 23/23 MP: 3/5
   789 | D:2      | Reached skill level 3 in Transmutations
   882 | D:2      | Noticed Robin
   911 | D:1      | Learned a level 2 spell: Wereblood
  1085 | D:2      | Reached XP level 3. HP: 28/28 MP: 2/6
  1099 | D:2      | Learned a level 3 spell: Spider Form
  1249 | D:2      | Killed Robin
  1251 | D:2      | Reached skill level 4 in Transmutations
  1825 | D:3      | Reached XP level 4. HP: 32/35 MP: 7/7
  1879 | D:3      | Found a faded altar of an unknown god.
  2468 | D:3      | Found a runed translucent door.
  2469 | D:3      | Noticed Crazy Yiuf
  2542 | D:3      | Killed Crazy Yiuf
  2543 | D:3      | Reached skill level 5 in Transmutations
  2724 | D:4      | Noticed an ogre
  2947 | D:4      | Noticed a black bear
  2960 | D:4      | Killed a black bear
  2961 | D:4      | Reached XP level 5. HP: 23/46 MP: 2/8
  3172 | D:4      | Killed an ogre
  3173 | D:4      | Reached XP level 6. HP: 39/52 MP: 5/9
  3608 | D:4      | Reached skill level 5 in Unarmed Combat
  3717 | D:4      | Your scales start taking on a dull iron-grey colour.
  3717 | D:4      | Reached XP level 7. HP: 53/59 MP: 4/10
  3783 | D:4      | Found a radiant altar of Vehumet.
  3959 | D:5      | Entered Level 5 of the Dungeon
  4117 | D:5      | Noticed Grinder
  4117 | D:5      | Paralysed by Grinder for 5 turns
  4130 | D:5      | Paralysed by Grinder for 3 turns
  4138 | D:5      | Paralysed by Grinder for 6 turns
  4143 | D:5      | Killed Grinder
  4212 | D:5      | Reached XP level 8. HP: 66/66 MP: 7/11
  4281 | D:5      | Learned a level 4 spell: Ice Form
  4336 | D:5      | Reached skill level 5 in Dodging
  4478 | D:5      | Noticed Prince Ribbit
  4494 | D:5      | Killed Prince Ribbit
  4495 | D:5      | Reached skill level 1 in Ice Magic
  4574 | D:5      | Noticed Ijyb
  4575 | D:5      | Paralysed by Ijyb for 3 turns
  4581 | D:5      | Paralysed by Ijyb for 7 turns
  4591 | D:5      | Killed Ijyb
  4827 | D:6      | Reached skill level 6 in Transmutations
  4888 | D:6      | Found a staircase to the Ecumenical Temple.
  4905 | Temple   | Entered the Ecumenical Temple
  5023 | Temple   | Became a worshipper of Ru the Awakened
  5154 | D:6      | Noticed Maggie
  5170 | D:6      | Killed Maggie
  5171 | D:6      | Reached XP level 9. HP: 51/71 MP: 8/12
  5235 | D:6      | Reached skill level 7 in Transmutations
  5338 | D:6      | Noticed a kobold demonologist
  5338 | D:6      | Noticed a kobold demonologist
  5342 | D:6      | Found a transporter.
  5542 | D:6      | Found a transporter.
  5852 | D:7      | Reached skill level 8 in Transmutations
  6030 | D:7      | Noticed Harold
  6046 | D:7      | Killed Harold
  6047 | D:7      | Reached skill level 5 in Fighting
  6084 | D:7      | Gained mutation: You are somewhat unskilled. (-1 Apt) [Ru
                  | sacrifice]
  6084 | D:7      | Reduced skill Spellcasting to level 1
  6084 | D:7      | Reduced skill Transmutations to level 7
  6084 | D:7      | Reached * piety under Ru
  6519 | D:8      | Noticed a death yak
  6532 | D:8      | Noticed a death yak
  6535 | D:8      | Noticed a death yak
  6536 | D:8      | Reached XP level 10. HP: 72/81 MP: 9/13
  6543 | D:7      | Killed a death yak
  6930 | D:8      | Got the Incunabulum of Beguiling
  6961 | D:9      | Reached skill level 8 in Transmutations
  7299 | D:8      | Noticed a boulder beetle
  7300 | D:8      | Noticed a two-headed ogre
  7335 | D:8      | Identified the ring "Retsaox" {Fire rPois rN+++ MP+9 Str-5}
  7386 | D:8      | Noticed a death yak
  7415 | D:9      | Mangled by a death yak

Illustrated notes

Levels and vault maps discovered:
D:1:      dpeg_arrival_simpleton_c, layout_loops_ring, grunt_decor_cap
D:2:      layout_loops_ring, uniq_robin
D:3:      layout_basic, chequers_ecumenical_altar_twisty, grunt_decor_junction,
          bh_walls_and_bars, uniq_crazy_yiuf_cottage
D:4:      layout_loops_cross, vehumet_statue
D:5:      layout_rooms, uniq_grinder, uniq_prince_ribbit1, uniq_ijyb
D:6:      gammafunk_wand_slinger, layout_rooms,
          minmay_temple_entry_gardened_gates, cheibrodos_sewer_entry_bend,
          uniq_maggie
D:7:      layout_basic, uniq_harold
D:8:      layout_loops_ring, grunt_temple_overflow_opulence, dpeg_lair_monsters,
          onia_ninara_dug_in_and_dangerous
D:9:      layout_gridville, kennysheep_donut, kennysheep_kite_vault
Temple:   regret_index_temple_sphere_string

Skill      XL: |  1  2  3  4  5  6  7  8  9 10 |
---------------+-------------------------------+-----
Transmutations | 3 4 5 6 7 8 |  8.0
Fighting       | 3 4 5 6 |  6.3
Unarmed Combat | 5 6 7 |  7.2
Dodging        | 4 6 7 |  7.0
Ice Magic      | 4 3 4 |  4.0
Spellcasting   | 2 |  2.0

Action                   |  1- 3 |  4- 6 |  7- 9 | 10-12 || total
-------------------------+-------+-------+-------+-------++-------
Melee: Unarmed           |    95 |   123 |   300 |   132 ||   650
       Kick              |    19 |     4 |       |       ||    23
       Tailslap          |     7 |     7 |     5 |     2 ||    21
       Headbutt          |    10 |     4 |       |       ||    14
       Punch             |     1 |     1 |     3 |       ||     5
Throw: Boomerang         |       |       |     5 |       ||     5
 Cast: Beastly Appendage |    24 |     6 |       |       ||    30
       Wereblood         |     3 |       |       |       ||     3
       Spider Form       |       |     9 |    22 |       ||    31
       Ice Form          |       |       |     9 |     8 ||    17
Invok: Sacrifice Skill   |       |       |     1 |       ||     1
 Abil: End Transformatio |       |       |     1 |       ||     1
  Use: Scroll            |       |       |    15 |       ||    15
 Stab: Distracted        |       |       |     1 |       ||     1
Armor: Skin              |    43 |    12 |    41 |    36 ||   132
Dodge: Dodged            |    68 |    86 |   235 |   133 ||   522
